 Dungeon Crawl Stone Soup version 0.28.0-53-g5a82cb258f (webtiles) character file.

Game seed: 5648147738662172703

172510 cbfl8 the Executioner (level 17, -2/171 HPs)
             Began as a Minotaur Berserker on Aug 16, 2022.
             Was the Champion of Trog.
             Killed from afar by a merfolk aquamancer (27 damage)
             ... with a ball of steam
             ... on level 1 of the Shoals on Aug 17, 2022.
             The game lasted 01:01:47 (39722 turns).

cbfl8 the Executioner (Minotaur Berserker)         Turns: 39722, Time: 01:01:47

Health: -2/171     AC: 22    Str: 26    XL:     17   Next: 41%
Magic:  0/16       EV: 15    Int: 10    God:    Trog [******]
Gold:   1026       SH:  0    Dex: 20    Spells: 16/16 levels left

rFire   . . .      SeeInvis .   W - +4 executioner's axe (spect)
rCold   + . .      Faith    .   (shield currently unavailable)
rNeg    . . .      Spirit   +   h - +0 plate armour "Axtel" {+Inv rC+ Regen+ Dex+3}
rPois   .          Reflect  .   i - +1 hat
rElec   .          Harm     .   b - +0 cloak
rCorr   .          Rampage  .   L - +1 pair of gloves
Will    +....                   j - +0 pair of boots
Stlth   ..........              u - amulet of guardian spirit
HPRegen 1.18/turn               m - ring of Onets {Str+3 Int+6}
MPRegen 0.15/turn               T - ring of flight

@: flying
A: horns 2, retaliatory headbutt
a: Renounce Religion, Evoke Invisibility, Berserk, Trog's Hand, Brothers in Arms


You were on level 1 of the Shoals.
You worshipped Trog.
Trog was exalted by your worship.
You visited 5 branches of the dungeon, and saw 27 of its levels.
You also visited: Ossuary, Ice Cave and Volcano.

You collected 2937 gold pieces.
You spent 1911 gold pieces at shops.

Inventory:

Hand Weapons
 g - a +3 broad axe of protection
 y - a +2 antimagic battleaxe
 W - a +4 spectral executioner's axe (weapon)
 Z - a +5 battleaxe of flaming
Armour
 b - a +0 cloak (worn)
 h - the +0 plate armour "Axtel" (worn) {+Inv rC+ Regen+ Dex+3}
   (You bought it in a shop on level 2 of the Orcish Mines)

   Dex:       It affects your dexterity (+3).
   rC:        It protects you from cold.
   +Inv:      It lets you turn invisible.
   Regen:     It increases your rate of health regeneration.
 i - a +1 hat (worn)
 j - a +0 pair of boots (worn)
 E - the +1 robe of Vines {NoPotionHeal Regen++++}
   (You found it on level 14 of the Dungeon)

   Its wearer cannot be healed by potions.
   Regen:     It increases your rate of health regeneration.
 L - a +1 pair of gloves (worn)
 P - a +1 tower shield of cold resistance
Jewellery
 f - a +6 ring of strength
 m - the ring of Onets (left hand) {Str+3 Int+6}
   (You bought it in a shop on level 2 of the Orcish Mines)

   [ring of intelligence]

   Str:       It affects your strength (+3).
   Int:       It affects your intelligence (+6).
 t - a ring of protection from fire
 u - an amulet of guardian spirit (around neck)
 v - a ring of see invisible
 D - a +4 ring of evasion
 N - a +4 ring of slaying
 T - a ring of flight (right hand)
 Y - a ring of resist corrosion
Wands
 a - a wand of digging (5)
 M - a wand of polymorph (10)
 Q - a wand of flame (24) (quivered)
Scrolls
 e - a scroll of silence
 n - 5 scrolls of blinking
 p - 4 scrolls of immolation
 q - a scroll of magic mapping
 s - 3 scrolls of holy word
 z - 14 scrolls of teleportation
 B - a scroll of identify
 C - a scroll of enchant weapon
 G - 5 scrolls of enchant armour
 R - 5 scrolls of fear
 S - 3 scrolls of fog
 U - a scroll of noise
 X - a scroll of summoning
Potions
 c - 5 potions of flight
 d - 13 potions of mutation
 k - 2 potions of ambrosia
 l - 2 potions of berserk rage
 o - 2 potions of attraction {unknown}
 r - 3 potions of might
 w - 3 potions of invisibility
 x - 6 potions of haste
 F - 2 potions of lignification {unknown}
 H - 3 potions of resistance
 K - a potion of experience {unknown}
Miscellaneous
 I - a box of beasts
 J - a phantom mirror


   Skills:
 * Level 20.4 Fighting
 * Level 24.0 Axes
 + Level 13.4 Armour
 * Level 12.5 Dodging
 + Level 2.0 Stealth
 + Level 6.6 Shields
 * Level 10.1 Evocations


You had 16 spell levels left.
You didn't know any spells.
Your spell library was empty.

Dungeon Overview and Level Annotations

Branches:
Dungeon (15/15)            Temple (0/1) D:7            Lair (6/6) D:8
 Shoals (1/4) Lair:4        Snake (3/4) Lair:2        Slime (0/5) Lair:6
    Orc (2/2) D:11            Elf (0/3) Orc:2        Vaults (0/5) D:13
 Depths (0/4) D:15        Ossuary (visited)           IceCv (visited)
Volcano (visited)

Altars:
Cheibriados
Dithmenos
Nemelex Xobeh
Okawaru
Ru
Sif Muna
Trog
Vehumet
The Shining One
Beogh

Shops:
D:6 !   D:7 [   D:10 *   D:12 (   Orc:2 ?[*[*   Snake:1 =**   Snake:2 **

Portals:
Trove: D:10 (give +7 demon whip)

Annotations:
D:10 2 transporters, turdburglar's ghost, journeyman GnFi
Snake:1 2 transporters, Myolirr's ghost, journeyman MiBe


Innate Abilities, Weirdness & Mutations

You have a pair of horns on your head.
You reflexively headbutt those who attack you in melee.


Message History

The silver javelin pierces through you!!
The merfolk siren chants a haunting song.
You are mesmerised by the merfolk siren!
The merfolk aquamancer hits you with a +1 rapier of freezing!
The merfolk aquamancer freezes you.
The merfolk javelineer throws a silver javelin.
The silver javelin pierces through you!
You cannot move away from the merfolk siren!
You cannot move away from the merfolk siren!
You are too mesmerised to rage.
You barely miss the merfolk aquamancer.
Your +4 spectral executioner's axe closely misses the merfolk aquamancer.
Your +4 spectral executioner's axe hits the merfolk siren!!
The merfolk siren chants its luring song.
You closely miss the merfolk aquamancer.
Your +4 spectral executioner's axe barely misses the merfolk aquamancer.
Your +4 spectral executioner's axe hits the merfolk siren!
The merfolk javelineer throws a silver javelin.
The silver javelin pierces through you!
The merfolk aquamancer gestures at you while chanting.
The shard of ice hits you!! You partially resist.
* * * LOW HITPOINT WARNING * * *
The merfolk siren chants its luring song.
Okay, then.
Okay, then.
Your magical effects are unravelling.
You feel magically purged.
You break out of your daze.
The merfolk javelineer throws a silver javelin.
The silver javelin pierces through you!
* * * LOW HITPOINT WARNING * * *
x2 The merfolk aquamancer hits you with a +1 rapier of freezing!
* * * LOW HITPOINT WARNING * * *
The merfolk aquamancer freezes you.
* * * LOW HITPOINT WARNING * * *
The merfolk siren chants a haunting song.
You resist.
The merfolk aquamancer points at you and mumbles some strange words.
The ball of steam hits you!!
You die...

≈≈≈.......≈≈≈#
≈≈≈≈.....≈≈≈≈#
≈≈≈≈≈≈≈..≈≈≈≈####
≈≈≈≈P≈≈..≈≈≈≈≈≈≈≈
≈≈P≈≈≈....≈≈≈≈≈≈≈
≈P≈P≈≈....≈≈≈≈≈≈
P≈≈.≈P)..(≈m≈≈≈≈
P≈≈PP≈.)..≈##≈#≈
≈≈P≈P≈≈.(@≈# #
PPPP≈≈≈≈(m§#
PPPP≈≈≈≈≈≈m#
PPPPP≈≈P≈≈≈≈≈
PPPP≈PP≈≈≈≈≈≈
≈P≈≈≈≈P≈≈≈≈≈≈≈≈
≈PP≈≈P≈≈≈≈≈≈≈≈≈
≈≈P≈...≈≈≈≈≈≈≈≈


You could see a merfolk javelineer, a merfolk aquamancer and a merfolk siren.

Vanquished Creatures
  A tentacled monstrosity (Snake:1)
  2 thorn hunters (Snake:1)
  Kirke (D:15)
  2 nagarajas (Snake:3)
  A frost giant (IceCv)
  Snorg (D:11)
  2 ettins
  2 fire dragons
  Josephine (Lair:4)
  A merfolk impaler (Lair:4)
  8 naga warriors
  An ice dragon (shapeshifter) (D:13)
  7 hydras
  Erolcha (D:9)
  A merfolk aquamancer (Lair:4)
  3 ogre magi
  6 centaur warriors
  4 boulder beetles
  An ice dragon (D:15)
  10 anacondas
  A catoblepas (Lair:3)
  3 alligators (Snake:1)
  14 two-headed ogres
  8 naga sharpshooters
  Urug (Orc:1)
  11 death yaks
  9 shock serpents
  Sonja (D:11)
  A salamander mystic (Snake:3)
  2 goliath frogs (Snake:1)
  8 skeletal warriors
  2 deep trolls (Orc:2)
  3 swamp dragons (Snake:1)
  10 naga ritualists
  3 lindwurms
  An orc knight (D:15)
  2 deep elf pyromancers
  11 mana vipers
  An ugly thing (D:12)
  An orc sorcerer (Orc:2)
  3 manticores
  4 cyclopes
  11 elephants (Lair:6)
  16 salamanders
  A toenail golem (Volcano)
  43 black mambas
  Joseph (D:9)
  An ice statue (IceCv)
  A merfolk siren (Shoals:1)
  4 molten gargoyles
  2 guardian serpents
  A cane toad (shapeshifter) (D:13)
  15 naga magi
  3 unseen horrors
  2 gargoyles (D:12)
  12 cane toads
  10 rime drakes
  A freezing wraith (D:15)
  11 komodo dragons
  2 efreet (Volcano)
  9 trolls
  9 polar bears
  3 merfolk (Shoals:1)
  A hornet (Lair:4)
  A hornet (shapeshifter) (D:15)
  A tyrant leech (Snake:1)
  A snapping turtle (shapeshifter) (D:14)
  A wind drake (Lair:4)
  10 blink frogs
  A polar bear (shapeshifter) (D:14)
  4 centaur simulacra (D:12)
  Sigmund (D:3)
  A shadow (D:13)
  7 wyverns
  5 wraiths
  A water elemental (D:12)
  11 basilisks
  3 steam dragons
  56 yaks
  5 fire elementals (Volcano)
  3 vampire mosquitoes (D:10)
  10 wargs
  2 swamp worms (Snake:1)
  5 acid dragons
  34 nagas
  Duvessa (D:5)
  5 ice beasts (D:12)
  3 swamp drakes (Snake:1)
  11 orc warriors
  2 sky beasts
  10 water moccasins
  3 hell hounds (Lair:6)
  A necrophage (D:6)
  2 black bears
  21 ogres
  66 wolves
  A tengu (shapeshifter) (D:13)
  12 centaurs
  A phantom (D:6)
  3 earth elementals (Volcano)
  13 bullfrogs
  A wyvern zombie (D:9)
  3 scorpions
  A wyvern skeleton (D:6)
  A hornet simulacrum (D:15)
  Dowan (D:5)
  3 jellies
  4 wights (D:9)
  4 howler monkeys
  5 lava snakes (Lair:6)
  5 centaur zombies
  Crazy Yiuf (D:7)
  14 orc priests
  3 centaur skeletons
  4 hounds
  A bullfrog skeleton (D:7)
  Terence (D:3)
  7 hell rats (Lair:4)
  15 orc wizards
  An iguana (D:5)
  A killer bee zombie (D:3)
  8 mummies
  2 howler monkey zombies (D:9)
  4 gnolls (D:8)
  7 adders
  9 white imps
  3 ufetubi
  2 adder skeletons (D:4)
  A worm (D:2)
  A dart slug (D:2)
  40 orcs
  3 bats
  7 endoplasms
  5 giant cockroaches
  3 goblins
  4 hobgoblins
  8 jackals
  5 quokkas
  6 ball pythons
  6 frilled lizards
  A gnoll zombie (Ossuary)
  A goblin zombie (D:8)
  2 hobgoblin zombies (Ossuary)
  6 kobolds
  4 kobold zombies (Ossuary)
  An orc zombie (Ossuary)
  A rat (D:2)
  A rat zombie (D:8)
  4 briar patches (Snake:1)
  A bush (D:7)
  3 fire vortices (Volcano)
858 creatures vanquished.

Vanquished Creatures (others)
  A rime drake (IceCv)
  25 fungi
  42 plants
  A withered plant (D:1)
69 creatures vanquished.

Grand Total: 927 creatures vanquished

Notes
Turn   | Place    | Note
-------+----------+-------------------------------------------
     0 | D:1      | cbfl8 the Minotaur Berserker began the quest for the Orb.
     0 | D:1      | Reached XP level 1. HP: 19/19 MP: 0/0
   259 | D:1      | Found a faded altar of an unknown god.
  1035 | D:2      | Reached XP level 2. HP: 25/27 MP: 1/1
  1081 | D:2      | Reached skill level 4 in Axes
  1362 | D:2      | Reached XP level 3. HP: 27/34 MP: 2/2
  1564 | D:2      | Reached ** piety under Trog
  1756 | D:3      | Noticed Terence
  1764 | D:3      | Reached XP level 4. HP: 28/41 MP: 3/3
  1766 | D:3      | Killed Terence
  1767 | D:3      | Reached skill level 5 in Axes
  2117 | D:3      | Found a radiant altar of Vehumet.
  2149 | D:3      | Reached skill level 5 in Fighting
  2153 | D:3      | Noticed Sigmund
  2162 | D:3      | Killed Sigmund
  2163 | D:3      | Reached skill level 6 in Axes
  2163 | D:3      | Reached skill level 1 in Evocations
  2163 | D:3      | Reached XP level 5. HP: 48/48 MP: 4/4
  2163 | D:3      | Reached XP level 6. HP: 56/56 MP: 5/5
  2977 | D:5      | Entered Level 5 of the Dungeon
  3265 | D:5      | Noticed a sky beast
  3278 | D:5      | Killed a sky beast
  3279 | D:5      | Reached XP level 7. HP: 49/62 MP: 6/6
  3286 | D:5      | Reached skill level 7 in Axes
  3405 | D:5      | Noticed Duvessa
  3407 | D:5      | Noticed Dowan
  3416 | D:5      | Killed Duvessa
  3421 | D:5      | Killed Dowan
  3778 | D:5      | You fall into a shaft and drop 2 floors!
  3859 | D:7      | Found a staircase to the Ecumenical Temple.
  3882 | D:7      | Found Zackod's Antique Armour Shoppe.
  3931 | D:6      | Reached skill level 8 in Axes
  4051 | D:6      | Reached XP level 8. HP: 66/71 MP: 7/7
  4318 | D:6      | Found a glowing golden altar of the Shining One.
  4330 | D:6      | Found a shimmering blue altar of Sif Muna.
  4358 | D:6      | Found Nujos's Distillery.
  4415 | D:6      | Reached skill level 9 in Axes
  4415 | D:6      | Reached skill level 5 in Armour
  4429 | D:6      | Identified a scroll of acquirement
  4519 | D:6      | Reached *** piety under Trog
  4963 | D:6      | Found a snail-covered altar of Cheibriados.
  5072 | D:6      | Bought a potion of heal wounds for 65 gold pieces
  5639 | D:7      | Reached XP level 9. HP: 79/79 MP: 8/8
  5639 | D:7      | Acquired a +3 broad axe of distortion
  5668 | D:7      | Reached skill level 10 in Axes
  5674 | D:7      | Found a shadowy altar of Dithmenos.
  5997 | D:7      | Found a runed translucent door.
  5998 | D:7      | Noticed Crazy Yiuf
  6003 | D:7      | Killed Crazy Yiuf
  6059 | D:8      | Found a sand-covered staircase.
  6072 | Ossuary  | Entered an ossuary
  6091 | Ossuary  | Reached skill level 5 in Dodging
  6301 | D:8      | Found a sacrificial altar of Ru.
  6372 | D:8      | Reached **** piety under Trog
  6582 | D:8      | Reached skill level 11 in Axes
  6743 | D:8      | Found a staircase to the Lair.
  7021 | D:8      | Reached skill level 1 in Stealth
  7030 | D:8      | Reached skill level 12 in Axes
  7190 | D:9      | Reached XP level 10. HP: 89/89 MP: 9/9
  7211 | D:9      | Noticed Joseph
  7223 | D:9      | Killed Joseph
  7857 | D:9      | Noticed Erolcha
  7865 | D:9      | Killed Erolcha
  7866 | D:9      | Reached skill level 13 in Axes
  8263 | D:10     | Entered Level 10 of the Dungeon
  8285 | D:10     | Noticed a moth of wrath
  8286 | D:10     | Noticed turdburglar's ghost (journeyman GnFi)
  8293 | D:10     | Found a transporter.
  8445 | D:10     | Found a transporter.
  8488 | D:10     | Found a bloodstained altar of Trog.
  8488 | D:10     | Noticed a two-headed ogre
  8494 | D:10     | Killed a two-headed ogre
  8495 | D:10     | Reached skill level 5 in Evocations
  8695 | D:10     | Noticed a manticore
  8780 | D:10     | Found Piaruv's Assorted Antiques.
  8803 | D:10     | Reached skill level 14 in Axes
  8904 | D:10     | Reached XP level 11. HP: 94/97 MP: 10/10
  8919 | D:10     | Found a portal to a secret trove of treasure.
  9152 | D:11     | Noticed Sonja
  9155 | D:11     | Paralysed by Sonja for 7 turns
  9499 | D:11     | Noticed a boulder beetle
  9502 | D:11     | Banished a boulder beetle
  9917 | D:11     | Found a staircase to the Orcish Mines.
 10003 | D:11     | Identified the +0 ring mail of the Viny Slorg {rPois Regen+
                  | Int+2}
 10042 | D:11     | Killed Sonja
 10043 | D:11     | Reached skill level 10 in Fighting
 10380 | D:11     | Noticed Snorg
 10390 | D:11     | Killed Snorg
 10513 | D:12     | Noticed a two-headed ogre
 10518 | D:12     | Killed a two-headed ogre
 10519 | D:12     | Reached skill level 15 in Axes
 10609 | D:12     | Found a frozen archway.
 10636 | IceCv    | Entered an ice cave
 10695 | IceCv    | Noticed a death yak
 10711 | IceCv    | Killed a death yak
 10856 | IceCv    | Noticed a death yak
 10872 | IceCv    | Killed a death yak
 10873 | IceCv    | Reached skill level 16 in Axes
 10873 | IceCv    | Reached skill level 1 in Shields
 10873 | IceCv    | Reached XP level 12. HP: 86/108 MP: 8/11
 11432 | IceCv    | Noticed a death yak
 11438 | IceCv    | Noticed a death yak
 11445 | IceCv    | Killed a death yak
 11455 | IceCv    | Killed a death yak
 11715 | IceCv    | Noticed a death yak
 11715 | IceCv    | Noticed a frost giant
 11730 | IceCv    | Killed a frost giant
 11743 | IceCv    | Killed a death yak
 11745 | IceCv    | Reached skill level 17 in Axes
 12349 | D:12     | Noticed a two-headed ogre
 12357 | D:12     | Killed a two-headed ogre
 12384 | D:12     | Noticed a boulder beetle
 12413 | D:12     | Killed a boulder beetle
 12707 | D:12     | Reached ***** piety under Trog
 12747 | D:12     | Noticed a centaur warrior
 12759 | D:12     | Killed a centaur warrior
 12760 | D:12     | Found Xideosch's Weapon Shop.
 13801 | D:13     | Noticed an ettin
 13807 | D:13     | Noticed a fire dragon
 13807 | D:13     | a tyrant leech changed into a fire dragon
 13810 | D:13     | Noticed an ice dragon
 13810 | D:13     | a fire dragon changed into an ice dragon
 13815 | D:13     | Killed an ice dragon
 13820 | D:13     | Killed an ettin
 13821 | D:13     | Reached XP level 13. HP: 69/118 MP: 7/12
 13988 | D:13     | Found a gate to the Vaults.
 14675 | D:14     | Reached skill level 18 in Axes
 15779 | D:14     | Found a sparkling altar of Nemelex Xobeh.
 15983 | D:14     | Found the +1 robe of Vines {NoPotionHeal Regen++++}
 16194 | D:15     | Entered Level 15 of the Dungeon
 16235 | D:15     | Reached skill level 10 in Armour
 16238 | D:15     | Reached skill level 5 in Shields
 17423 | D:15     | Found an iron altar of Okawaru.
 17642 | D:15     | Noticed a fire dragon
 17664 | D:15     | Killed a fire dragon
 18321 | D:15     | Noticed Kirke
 18328 | D:15     | Killed Kirke
 18329 | D:15     | Reached XP level 14. HP: 129/129 MP: 13/13
 18475 | D:15     | Found a staircase to the Depths.
 18738 | Lair:1   | Entered Level 1 of the Lair of Beasts
 19497 | Lair:1   | Received a gift from Trog
 20210 | Lair:2   | Reached skill level 19 in Axes
 20216 | Lair:2   | Reached skill level 10 in Dodging
 20817 | Lair:2   | Found a staircase to the Snake Pit.
 22625 | Lair:4   | Found a staircase to the Shoals.
 24088 | Lair:5   | Acquired a manual of Fighting
 24152 | Lair:5   | Reached skill level 20 in Axes
 24917 | Lair:6   | Entered Level 6 of the Lair of Beasts
 25146 | Lair:6   | Reached skill level 15 in Fighting
 25157 | Lair:6   | Reached XP level 15. HP: 141/141 MP: 12/14
 25930 | Lair:6   | Found a large runed translucent door.
 25931 | Lair:6   | Found a large runed translucent door.
 27110 | Lair:6   | Reached skill level 21 in Axes
 27150 | Lair:6   | Found a staircase to the Slime Pits.
 27894 | Orc:1    | Entered Level 1 of the Orcish Mines
 27962 | Orc:1    | Received a gift from Trog
 28012 | Orc:1    | Noticed Urug
 28014 | Orc:1    | Found a dark tunnel.
 28021 | Orc:1    | Killed Urug
 28039 | Volcano  | Entered a volcano
 29715 | Orc:2    | Entered Level 2 of the Orcish Mines
 29946 | Orc:2    | Found Lizxesur's Armour Shop.
 29952 | Orc:2    | Found Linn's Magic Scroll Shoppe.
 30055 | Orc:2    | Found a staircase to the Elven Halls.
 30071 | Orc:2    | Bought 2 scrolls of identify for 52 gold pieces
 30071 | Orc:2    | Bought a scroll of identify for 26 gold pieces
 30074 | Orc:2    | Bought a scroll of teleportation for 39 gold pieces
 30074 | Orc:2    | Bought a scroll of teleportation for 39 gold pieces
 30074 | Orc:2    | Bought a scroll of teleportation for 39 gold pieces
 30074 | Orc:2    | Bought a scroll of identify for 26 gold pieces
 30103 | Orc:2    | Received a gift from Trog
 30116 | Orc:2    | Paralysed by something for 5 turns
 30505 | Orc:2    | Paralysed by an ogre mage for 7 turns
 31076 | Orc:2    | Found Entazir's Armour Boutique.
 31082 | Orc:2    | Found Xoreexku's Assorted Antiques.
 31099 | Orc:2    | Bought the +0 plate armour "Axtel" {+Inv rC+ Regen+ Dex+3}
                  | for 603 gold pieces
 31115 | Orc:2    | Found Paneim's Assorted Antiques.
 31121 | Orc:2    | Bought a scroll of identify for 60 gold pieces
 31127 | Orc:2    | Bought a steaming bronze ring for 145 gold pieces
 31127 | Orc:2    | Identified the ring of Onets {Str+3 Int+6} (You bought it
                  | in a shop on level 2 of the Orcish Mines)
 31643 | Orc:2    | Received a gift from Trog
 32115 | Snake:1  | Entered Level 1 of the Snake Pit
 32320 | Snake:1  | Reached skill level 22 in Axes
 32379 | Snake:1  | Found a bloodstained altar of Trog.
 32390 | Snake:1  | Noticed Myolirr's ghost (journeyman MiBe)
 32398 | Snake:1  | Found Rito's General Store.
 32400 | Snake:1  | Found Nyomao's Assorted Antiques.
 32402 | Snake:1  | Found Meycsaor's Jewellery Boutique.
 32490 | Snake:1  | Identified the +11 quarterstaff "Xiteot" {freeze, SInv}
 32532 | Snake:1  | Bought a scroll of teleportation for 117 gold pieces
 32532 | Snake:1  | Bought a scroll of teleportation for 117 gold pieces
 32532 | Snake:1  | Bought a scroll of blinking for 292 gold pieces
 32532 | Snake:1  | Bought a scroll of identify for 78 gold pieces
 32532 | Snake:1  | Bought a scroll of identify for 78 gold pieces
 32556 | Snake:1  | Reached XP level 16. HP: 138/155 MP: 12/15
 32660 | Snake:1  | Noticed a tentacled monstrosity
 32680 | Snake:1  | Killed a tentacled monstrosity
 32741 | Snake:1  | Noticed a thorn hunter
 32748 | Snake:1  | Killed a thorn hunter
 32814 | Snake:1  | Noticed a thorn hunter
 32821 | Snake:1  | Killed a thorn hunter
 33550 | Snake:1  | Received a gift from Trog
 33662 | Snake:1  | Found a transporter.
 33706 | Snake:1  | Found a transporter.
 34318 | Snake:2  | Reached skill level 23 in Axes
 34645 | Snake:2  | Found Kismooph's General Store.
 35477 | Snake:2  | Found Didwum's Overcharged Wands.
 36195 | Snake:2  | Bought a scroll of blinking for 135 gold pieces
 37081 | Snake:3  | Received a gift from Trog
 37100 | Snake:3  | Reached XP level 17. HP: 87/170 MP: 12/16
 38330 | Snake:3  | Reached skill level 10 in Evocations
 39386 | Shoals:1 | Entered Level 1 of the Shoals
 39398 | Shoals:1 | Noticed Josephine
 39403 | Shoals:1 | Reached ****** piety under Trog
 39574 | Lair:4   | Killed Josephine
 39576 | Lair:4   | Reached skill level 24 in Axes
 39722 | Shoals:1 | Killed from afar by a merfolk aquamancer

Illustrated notes

Levels and vault maps discovered:
D:1:      mainiacjoe_arrival_reflecting_pool, layout_loops_ring,
          shapermc_ecumenical_altar_flowoftime, chequers_serial_rivers_room_a
D:2:      layout_basic, minmay_tripent
D:3:      layout_rooms, vehumet_crystals, uniq_sigmund, uniq_terence
D:4:      wander_river, layout_basic
D:5:      layout_loops_cross, corner_web_ring, uniq_duvessa
D:6:      layout_basic, slow_altar_2, mainiacjoe_overflow_catwalk_spiral,
          serial_shops, nicolae_shop_waterfront, minmay_small_thing
D:7:      layout_loops_ring, mainiacjoe_overflow_small_starburst,
          temple_statues, serial_shops, nicolae_stop_n_shop_2,
          minmay_misc_feat_tiny, uniq_crazy_yiuf_cottage
D:8:      layout_basic, nicolae_ru_great_annihilating_truth,
          erik_lair_orcish_takeover, enter_ossuary_4
D:9:      layout_loops_corners, uniq_joseph, uniq_erolcha
D:10:     layout_loops_ring, mainiacjoe_overflow_alcove_1,
          nicolae_trove_entry_crystal, gammafunk_ghost_berserking_beasts,
          serial_shops, shop, nrook_uturn
D:11:     layout_basic, orc_0_dummy, uniq_sonja, uniq_snorg
D:12:     layout_loops_ring, serial_shops, nicolae_shop_bloodbath_and_beyond,
          serial_ice, serial_ice_m, serial_ice_a, serial_ice_k, serial_ice_o,
          serial_ice_b, serial_ice_f, serial_ice_c, serial_ice_d, serial_ice_h,
          serial_ice_e, portal_ice_cave_entry_pillars_2,
          grunt_decor_mini_mirrors, minmay_misc_feat_four_crosses
D:13:     layout_loops_corners, david_vaults_4
D:14:     layout_basic, nemelex_xobeh_ov_fountains_minmay
D:15:     grunt_enter_depths_hoard, layout_irregular_city, okawaru_gym_becter,
          uniq_kirke
Lair:1:   layout_small_grid, serial_bayou_shore_a
Lair:2:   layout_cave_shapes, minmay_snake_entry_guardpost_small,
          grunt_forest_large_clearings, infiniplex_staircase_pool_2
Lair:3:   layout_gridlike
Lair:4:   layout_cave_pods, minmay_shoals_entry_beasts, beast_lair_carwin_5,
          lemuel_fruit_tree, infiniplex_staircase_pool
Lair:5:   layout_regular_city, grunt_megastairs_2
Lair:6:   cheibrodos_lair_end_hotspot, layout_loops_ring,
          nicolae_slime_entry_slimehenge
Shoals:1: layout_shoals, serial_shops, nicolae_diamond_shop,
          nicolae_shoals_circle_sea_wall, st_sunken_huts, uniq_roxanne,
          uniq_josephine
Snake:1:  onia_ninara_swampy_vault, layout_concentric_octagons,
          gammafunk_ghost_wrathful_warriors, minmay_shop_star
Snake:2:  layout_cave_town, serial_shops, nicolae_stop_n_shop_1,
          nicolae_shop_overcharged_wands, grunt_megastairs_5
Snake:3:  layout_chambers, grunt_megastairs_3
Orc:1:    layout_caves, enter_volcano_1, mines5_lemuel, uniq_maurice, uniq_urug
Orc:2:    st_orc_open, layout_caves, serial_shops,
          nicolae_shop_temple_entry_statues_fountains, basic_altar,
          minmay_orc_temple_a

Skill      XL: |  1  2  3  4  5  6  7  8  9 10 11 12 13 14 15 16 17 |
---------------+----------------------------------------------------+-----
Fighting       | 4 5 6 7 8 9 10 12 13 15 17 19 20 | 20.4
Axes           | 4 6 8 9 12 14 16 17 18 20 22 23 24 | 24.0
Armour         | 3 4 5 6 7 8 9 10 11 12 13 | 13.4
Dodging        | 3 4 5 6 7 8 9 10 11 12 | 12.5
Evocations     | 1 2 3 4 5 6 7 8 9 10 | 10.1
Stealth        | 1 2 |  2.0
Shields        | 1 3 6 |  6.6

Action                   |  1- 3 |  4- 6 |  7- 9 | 10-12 | 13-15 | 16-18 || total
-------------------------+-------+-------+-------+-------+-------+-------++-------
Melee: Hand axe          |    61 |    68 |   122 |       |       |       ||   251
       Headbutt          |    15 |    10 |    55 |    85 |   256 |   108 ||   529
       Broad axe         |       |       |    96 |   369 |   369 |       ||   834
       Executioner's axe |       |       |       |       |   642 |   268 ||   910
       Battleaxe         |       |       |       |       |       |   179 ||   179
Invok: Berserk           |     1 |     1 |     2 |     9 |    15 |     4 ||    32
Evoke: Wand              |       |       |       |    15 |    18 |     7 ||    40
  Use: Scroll            |       |       |    13 |     4 |    21 |     5 ||    43
       Potion            |       |       |       |     6 |     2 |     6 ||    14
 Stab: Invisible         |       |       |     1 |       |       |       ||     1
       Paralysed         |       |       |     1 |       |       |       ||     1
       Distracted        |       |       |       |       |       |     2 ||     2
       Confused          |       |       |       |       |       |     1 ||     1
Armor: Animal skin       |     3 |       |       |       |       |       ||     3
       Plate armour      |    28 |    34 |   100 |   209 |   549 |   239 ||  1159
Dodge: Dodged            |    33 |    27 |    91 |   218 |   641 |   309 ||  1319
Block: Buckler           |       |       |       |    38 |       |       ||    38
       Tower shield      |       |       |       |    87 |   304 |       ||   391
